 Dungeon Crawl Stone Soup version 0.30-a0-475-g03497ec522 (webtiles) character file.

Game seed: 13617867833423242312

1358 kae the Firebug (level 8, -13/57 HPs)
             Began as a Demigod Fire Elementalist on Dec 20, 2022.
             Mangled by a hornet (14 damage)
             ... on level 6 of the Dungeon.
             The game lasted 00:06:24 (7065 turns).

kae the Firebug (Demigod Fire Elementalist)         Turns: 7065, Time: 00:06:24

Health: -13/57     AC:  2    Str:  9    XL:     8   Next: 15%
Magic:  0/17       EV: 12    Int: 25    God:
Gold:   197        SH:  0    Dex: 14    Spells: 5/15 levels left

rFire   . . .      SeeInvis .    c - +2 mace (holy)
rCold   . . .      Faith    .    (no shield)
rNeg    . . .      Spirit   +    a - +0 robe
rPois   .          Reflect  .    (no helmet)
rElec   .          Harm     .    (no cloak)
rCorr   .          Rampage  .    (no gloves)
Will    .....                    (no boots)
Stlth   ++........               G - amulet of guardian spirit
HPRegen 0.29/turn                (no ring)
MPRegen 0.15/turn                (no ring)

@: lethally poisoned (-13 -> -22), slowed, very slow
A: high MP 1, forlorn, divine attributes
a: no special abilities


You were on level 6 of the Dungeon.
You visited 1 branch of the dungeon, and saw 6 of its levels.

You collected 197 gold pieces.


Innate Abilities, Weirdness & Mutations

You have an increased reservoir of magic. (+10% MP)
You shall have no god before yourself.
Your divine heritage dramatically boosts your attributes as you level up.


   Skills:
 - Level 1.7 Dodging
 - Level 1.7 Stealth
 + Level 4.1 Spellcasting
 * Level 5.9 Conjurations
 * Level 6.5 Fire Magic


You had 5 spell levels left.
You knew the following spells:

 Your Spells              Type           Power      Damage    Failure   Level
a - Foxfire               Conj/Fire      100%       2x1d9     1%          1
b - Scorch                Fire           76%        2d9       1%          2
c - Inner Flame           Hex/Fire       21%        N/A       7%          3
d - Flame Wave            Conj/Fire      36%        2d10      7%          4

Your spell library contained the following spells:

 Spells                   Type           Power      Damage    Failure   Level
 Sticky Flame             Conj/Fire      36%        2d6       7%          4
 Dazzling Flash           Conj/Hex       38%        N/A       9%          3
 Ignite Poison            Fire/Tmut/Pois 16%        N/A       11%         3
 Kindle Blastsparks       Fire/Tloc/Air  32%        2d12      11%         3
 Iskenderun's Mystic Bla  Conj/Tloc      19%        2d6       26%         4
 Starburst                Conj/Fire      18%        6d7       71%         6
 Ignition                 Fire           19%        3d7       100%        8

Inventory:

Hand Weapons
 c - a +2 mace of holy wrath (weapon)
   (You found it on level 1 of the Dungeon)
Missiles
 d - 6 javelins
 e - 47 stones
 g - 12 boomerangs
 l - 6 datura-tipped darts
 s - 2 poisoned darts
Armour
 a - a +0 robe (worn)
Magical Staves
 r - a staff of cold {!a}
   (You found it on level 5 of the Dungeon)
Jewellery
 G - an amulet of guardian spirit (around neck)
   (You found it on level 2 of the Dungeon)
Wands
 m - a wand of iceblast (1)
   (You found it on level 3 of the Dungeon)
 n - a wand of paralysis (10)
   (You took it off Ijyb on level 3 of the Dungeon)
Scrolls
 p - a scroll of butterflies
 q - a scroll of teleportation {@r4}
 u - a scroll of magic mapping {!r}
 w - a scroll of poison {unknown}
Potions
 b - 2 potions of magic
 f - 2 potions of degeneration {!q}
 h - 2 potions of berserk rage {!q}
 i - 2 potions of ambrosia
 j - 4 potions of flight
 k - 2 potions of heal wounds {@q2}
 o - 3 potions of attraction {!q}
 t - a potion of lignification {!q}
 v - a potion of curing {@q1}

Dungeon Overview and Level Annotations

Branches:
Dungeon (6/15) Zot: 26569
 Temple: D:4-7

Annotations:
D:3 Grinder
D:4 Pikel
D:6 exclusion: hornet

...........###........##.##
....>....### #........##.##
##....y#######....#........
##.♣.##...................
#.....#######....#...##...
...<....#########.........
...........#....##.........
...# #...♣............##..
.## #.y@#..............
##+##..............
.......##..#.##..
........##..#.# .
#........#......
..###...###..#.## #. .....
......


You could see a hornet.


Message History

There is a stone staircase leading down here.
e - 47 stones (gained 9)
You open the door.
Found a stone staircase leading down.
There is an open door here.
Found an escape hatch in the ceiling.
A jelly comes into view.
A jelly is nearby!
A jelly is nearby!
A jelly is nearby!
Casting: Scorch (safe; 1% risk of failure)
Confirm with . or Enter, or press ? or * to list all spells.
You conjure some foxfire!
The jelly quivers. 😎 MP[-1]
You lost 1 mp, and now have 16/17 mp.
Casting: Foxfire (safe; 1% risk of failure)
Confirm with . or Enter, or press ? or * to list all spells.
You conjure some foxfire!
The foxfire hits the jelly. x2 😎 MP[-1]
You lost 1 mp, and now have 15/17 mp.
Casting: Foxfire (safe; 1% risk of failure)
Confirm with . or Enter, or press ? or * to list all spells.
Flames lash the jelly.
You kill the jelly!
You hear an angry buzzing noise.
A hornet comes into view. 😎 MP[-2]
You lost 2 mp, and now have 13/17 mp.
A hornet is nearby!
A hornet is nearby!
That's the wrong kind of item! (Use * to select it.) Evoke which item? (* to show all) (? for menu, Esc to quit)
Okay, then.
Aiming: Paralyse
Press: ? - help, Shift-Dir - straight line, f - hornet
Aim: a hornet (chance to affect: 39%)
The hornet resists with some effort. 😎 MP[+1]
Aiming: Paralyse
Press: ? - help, Shift-Dir - straight line, f/p - hornet
Aim: a hornet (chance to affect: 39%)
The hornet suddenly stops moving!
There is an open door here. 😎 MP[+1]
Press: ? - help, v - describe, . - travel
Here: a hornet (paralysed)
The floor.
Placed new exclusion.
You close the door. 😎 MP[+1] 😎 MP[+1]
Your mp is fully restored (17).
Aiming: Iceblast
Press: ? - help, Shift-Dir - straight line, f/p - hornet
Aim: a hornet The mass of ice explodes!
The iceblast engulfs the hornet!
Aiming: Iceblast
Press: ? - help, Shift-Dir - straight line, f/p - hornet
Aim: a hornet (heavily wounded) That beam is likely to hit you.
Continue anyway?
The mass of ice explodes!
The iceblast engulfs the hornet.
The iceblast engulfs you!
You hear a bark!
The hornet stings you!
You are poisoned.
You feel yourself slow down. 😮 HP[-17] MP[-5]
You take 17 damage, and now have 40/57 hp.
MASSIVE DAMAGE!! (PAUSE)
You lost 5 mp, and now have 12/17 mp.
Aiming: Iceblast
Press: ? - help, Shift-Dir - straight line, f/p - hornet
Aim: a hornet (heavily wounded) That beam is likely to hit you.
Continue anyway?
The mass of ice explodes!
The iceblast engulfs the hornet.
The iceblast engulfs you!
You feel very sick. The hornet stings you!
* * * LOW HITPOINT WARNING * * *
You are more poisoned.
You feel as though you will be slow longer.
The hornet closely misses you. 😨 HP[-23] MP[-7]
You take 23 damage, and now have 17/57 hp.
MASSIVE DAMAGE!! (PAUSE)
You lost 7 mp, and now have 5/17 mp.
Okay, then.
Aiming: Iceblast
Press: ? - help, Shift-Dir - straight line, f/p - hornet
Aim: a hornet (severely wounded) That beam is likely to hit you.
Continue anyway?
The mass of ice explodes!
The iceblast engulfs the hornet.
The iceblast engulfs you!
* * * LOW HITPOINT WARNING * * *
x2 You feel very sick.
The hornet stings you but does no damage.
The hornet closely misses you. The hornet stings you!
You die...

Skill      XL: |  1  2  3  4  5  6  7 |
---------------+----------------------+-----
Conjurations   | 1 2 3 4 5 |  5.9
Fire Magic     | 3 4 5 6 |  6.5
Spellcasting   | 2 3 4 |  4.1
Dodging        | |  1.7
Stealth        | |  1.7

Action                   |  1- 3 |  4- 6 |  7- 9 || total
-------------------------+-------+-------+-------++-------
Melee: Mace              |       |    14 |       ||    14
       Punch             |       |     1 |       ||     1
 Cast: Foxfire           |    70 |   161 |    53 ||   284
       Scorch            |    12 |    32 |    14 ||    58
       Inner Flame       |       |     1 |       ||     1
Evoke: Wand              |       |     2 |     6 ||     8
  Use: Scroll            |       |    11 |     1 ||    12
       Potion            |       |     2 |       ||     2
Armor: Robe              |     3 |     8 |     6 ||    17
Dodge: Dodged            |    14 |    44 |    29 ||    87

Levels and vault maps discovered:
D:1:      amcnicky_arrival_underground_garden, layout_basic
D:2:      kennysheep_six_static_rooms, layout_basic, minmay_misc_feat_pillars,
          uniq_robin
D:3:      layout_basic, lemuel_doored_altar, zin_statuary,
          ebering_ecumenical_altar_abandoned, uniq_ijyb, uniq_grinder
D:4:      layout_gridville, amcnicky_mini_pool_small, minmay_bisected,
          uniq_pikel
D:5:      layout_rooms, serial_demonic, serial_demonic_g, serial_demonic_a,
          serial_demonic_b, serial_demonic_f, serial_demonic_f,
          serial_demonic_e, serial_demonic_c
D:6:      cheibrodos_barr_body, layout_basic, overflow_temple_1_default,
          serial_shops, shop, hangedman_decor_push, grunt_ministairs_13,
          uniq_menkaure

Notes
Turn   | Place    | Note
-------+----------+-------------------------------------------
     0 | D:1      | kae the Demigod Fire Elementalist began the quest for the
                  | Orb.
     0 | D:1      | Reached XP level 1. HP: 14/14 MP: 5/5
     0 | D:1      | magus.rc [v1.11.3]
    27 | D:1      | Reached skill level 1 in Conjurations
   215 | D:1      | Reached XP level 2. HP: 18/20 MP: 4/7
   219 | D:1      | Reached skill level 3 in Fire Magic
   380 | D:1      | Reached skill level 2 in Spellcasting
   385 | D:1      | Learned a level 2 spell: Scorch
  1152 | D:2      | Reached XP level 3. HP: 26/26 MP: 3/8
  1156 | D:2      | Learned a level 3 spell: Inner Flame
  1494 | D:2      | Reached skill level 2 in Conjurations
  1637 | D:2      | Noticed Robin
  1853 | D:2      | Reached XP level 4. HP: 33/33 MP: 5/10
  2179 | D:2      | Killed Robin
  2819 | D:3      | You add the spells Ignite Poison, Sticky Flame and Ignition
                  | to your library.
  2980 | D:3      | Noticed Grinder
  2997 | D:3      | Paralysed by Grinder for 3 turns
  3075 | D:3      | Noticed Ijyb
  3078 | D:3      | Killed Ijyb
  3079 | D:3      | Reached skill level 4 in Fire Magic
  3357 | D:3      | Reached skill level 3 in Conjurations
  3357 | D:3      | Reached XP level 5. HP: 38/38 MP: 5/11
  4064 | D:3      | Reached XP level 6. HP: 42/45 MP: 7/13
  4208 | D:4      | Reached skill level 3 in Spellcasting
  4216 | D:4      | Learned a level 4 spell: Flame Wave
  4347 | D:4      | You pick up a book of Spectacle and begin reading...
  4347 | D:4      | You add the spells Dazzling Flash, Iskenderun's Mystic
                  | Blast and Starburst to your library.
  4491 | D:4      | Reached skill level 4 in Conjurations
  4506 | D:4      | Reached skill level 5 in Fire Magic
  4702 | D:4      | HP: 11/45 [lemure[Pikel] (7)]
  4702 | D:4      | HP: 4/45 [lemure[Pikel] (7)]
  4710 | D:4      | Noticed Pikel
  5213 | D:5      | Entered Level 5 of the Dungeon
  5687 | D:5      | Reached XP level 7. HP: 50/50 MP: 8/15
  6218 | D:5      | Reached skill level 5 in Conjurations
  6529 | D:5      | Reached skill level 6 in Fire Magic
  6815 | D:6      | Reached skill level 4 in Spellcasting
  6815 | D:6      | Reached XP level 8. HP: 36/57 MP: 1/17
  6919 | D:6      | Noticed Menkaure
  6928 | D:6      | Killed Menkaure
  7020 | D:6      | Noticed a hornet
  7065 | D:6      | HP: 7/57 [shot self (10)]
  7065 | D:6      | HP: 1/57 [poisoned by a hornet]
  7065 | D:6      | Mangled by a hornet

Vanquished Creatures
  Menkaure (D:6)
  An ice beast (D:5)
  A black bear (D:6)
  4 lemures
  3 scorpions
  3 wights (D:5)
  A howler monkey (D:5)
  A quasit (D:5)
  4 hounds
  A jelly (D:6)
  An orc priest (D:3)
  2 orc wizards
  2 iguanas (D:4)
  Ijyb (D:3)
  Robin (D:2)
  3 adders
  9 gnolls
  4 shadow imps
  3 white imps (D:5)
  6 ufetubi (D:5)
  A worm (D:2)
  4 dart slugs
  15 orcs
  11 endoplasms
  6 giant cockroaches
  16 goblins
  6 hobgoblins
  6 jackals
  11 kobolds
  4 quokkas
  10 ball pythons
  4 bats
  3 frilled lizards
  6 rats
155 creatures vanquished.

Vanquished Creatures (others)
  7 demonic plants (D:5)
  491 foxfires
498 creatures vanquished.

Grand Total: 653 creatures vanquished

Table legend:
 A = Non-vault XP
 B = Vault XP
 C = Vault XP percentage of total XP
 D = Non-vault monster count
 E = Vault monster count
 F = Vault count percentage of total count
                 A         B        C        D         E       F
            +---------+---------+-------+---------+---------+-------
      Total |    1408 |     533 |  27.5 |     115 |      36 |  23.8
            +---------+---------+-------+---------+---------+-------
        D:1 |      38 |       0 |   0.0 |      22 |       0 |   0.0
        D:2 |      61 |      57 |  48.3 |      26 |      18 |  40.9
        D:3 |     214 |      33 |  13.4 |      31 |       1 |   3.1
        D:4 |     221 |      96 |  30.3 |      18 |       5 |  21.7
        D:5 |     607 |     130 |  17.6 |      14 |      10 |  41.7
        D:6 |     267 |     217 |  44.8 |       4 |       2 |  33.3
            +---------+---------+-------+---------+---------+-------

Illustrated notes

Table legend:
 A = Kills in this place as a percentage of kills in entire the game.
 B = Kills by you in this place as a percentage of kills by you in the entire game.
 C = Kills by friends in this place as a percentage of kills by friends in the entire game.
 D = Other kills in this place as a percentage of other kills in the entire game.
 E = Experience gained in this place as a percentage of experience gained in the entire game.
 F = Experience gained in this place divided by the number of levels of this place that you have seen.
                   A       B       C       D       E      F
               +-------+-------+-------+-------+-------+----------------------
         Total | 100.0 | 100.0 |   N/A |   N/A | 100.0 | 323.5
       Dungeon | 100.0 | 100.0 |   N/A |   N/A | 100.0 | 323.5
               +-------+-------+-------+-------+-------+----------------------

Table legend: (Time is in decaauts)
 A = Elapsed time spent in this place.
 B = Non-inter-level travel time spent in this place.
 C = Inter-level travel time spent in this place.
 D = Time resting spent in this place.
 E = Time spent auto-exploring this place.
 F = Levels seen in this place.
 G = Mean time per level.
                   A        B        C        D        E       F      G
               +--------+--------+--------+--------+--------+-----+--------+
         Total |   7074 |   6816 |    258 |    655 |   4856 |   6 | 1179.0 |
       Dungeon |   7074 |   6816 |    258 |    655 |   4856 |   6 | 1179.0 |
               +--------+--------+--------+--------+--------+-----+--------+

Top non-repeatable levels by time:
     D:3: 1586 daAuts
     D:2: 1483 daAuts
     D:5: 1368 daAuts
     D:4: 1132 daAuts
     D:1: 1073 daAuts
     D:6: 429 daAuts
